 Dungeon Crawl Stone Soup version 0.22.1-2-g9c5b331 (webtiles) character file.

89 retrovino the Shield-Bearer (level 4, 0/40 HPs)
             Began as a Hill Orc Fighter on Dec 26, 2018.
             Succumbed to Crazy Yiuf's poison
             ... on level 3 of the Dungeon.
             The game lasted 00:15:34 (2270 turns).

retrovino the Shield-Bearer (Hill Orc Fighter)      Turns: 2270, Time: 00:15:34

Health: 0/40       AC:  7    Str: 18    XL:     4   Next: 55%
Magic:  4/4        EV:  7    Int:  8    God:
Gold:   111        SH:  9    Dex: 11    Spells: 3/3 levels left

rFire    . . .     SeeInvis .   a - +0 rapier
rCold    . . .     Gourm    .   c - +0 shield
rNeg     . . .     Faith    .   b - +0 scale mail
rPois    .         Spirit   .   (no helmet)
rElec    .         Reflect  .   (no cloak)
rCorr    .         Harm     .   (no gloves)
MR       .....                  (no boots)
Stlth    ..........             (no amulet)
HPRegen  0.13/turn              (no ring)
MPRegen  0.09/turn              (no ring)

@: lethally poisoned (0 -> -17)
A: no striking features
a: no special abilities


You were on level 3 of the Dungeon.
You were not hungry.

You visited 1 branch of the dungeon, and saw 3 of its levels.

You collected 111 gold pieces.

Inventory:

Hand Weapons
 a - a +0 rapier (weapon)
 e - a +0 short sword
 f - a +0 dagger of freezing
 g - a +0 dagger
 l - a +0 dagger
 w - a +1 whip of flaming
 x - a +0 club
 y - a +0 hunting sling
 B - a +0 short sword
 D - a +0 hand axe
 E - a +0 hunting sling
 F - a +0 club
 H - a +0 hunting sling
Missiles
 i - 31 bolts
 C - 22 stones (quivered)
Armour
 b - a +0 scale mail (worn)
 c - a +0 shield (worn)
 o - a +0 plate armour
 r - a +0 ring mail
 t - a +0 chain mail
 v - a +0 helmet
 G - a +0 scale mail
 I - a +0 buckler
Scrolls
 k - 2 scrolls of enchant armour {unknown}
 m - 3 scrolls of identify {unknown}
 n - 2 scrolls of blinking {unknown}
 u - 2 scrolls of fog {unknown}
 z - a scroll of magic mapping {unknown}
Potions
 d - a potion of might
 h - 5 potions of curing {unknown}
 j - a potion of invisibility {unknown}
 p - a potion of mutation {unknown}
 q - a potion of heal wounds {unknown}
 s - a potion of brilliance {unknown}
Comestibles
 A - 2 rations


   Skills:
 + Level 4.1 Fighting
 + Level 3.0 Short Blades
 + Level 3.8 Armour
 + Level 0.1 Dodging
 + Level 4.2 Shields


You had 3 spell levels left.
You didn't know any spells.
Your spell library was empty.

Dungeon Overview and Level Annotations

Branches:
Dungeon (3/15)

Altars:
Cheibriados
Okawaru

Annotations:
D:3 Crazy Yiuf


Message History

Crazy Yiuf is severely wounded.
You feel very sick.
Crazy Yiuf grits, "Island!"
You block Crazy Yiuf's attack.
You hit Crazy Yiuf but do no damage.
Crazy Yiuf is heavily wounded.
* * * LOW HITPOINT WARNING * * *
You feel sick.
Crazy Yiuf hits you with a quarterstaff of chaos.
* * * LOW HITPOINT WARNING * * *
Crazy Yiuf freezes you.
* * * LOW HITPOINT WARNING * * *
Unknown command.
You hit Crazy Yiuf but do no damage.
Crazy Yiuf is heavily wounded.
* * * LOW HITPOINT WARNING * * *
You feel sick. You block Crazy Yiuf's attack. x2
You hit Crazy Yiuf but do no damage.
Crazy Yiuf is heavily wounded.
You die...

#.# #.## .# #..# ..#
##.# # #... #.# ##..
#..# ####.# ##.#..###
#..# .....##........#
#...##. ......†.#
###.##.......
......######....@.......
...))..........g.....###
....##.#.....#.#..##.#
....##...##.......##.#
....##..###...........
....##..###...###..#.#
..............# #...#
.....#####..#### ##.#
##### .....# #.....# #
#..)#


You could see Crazy Yiuf.

Vanquished Creatures
  3 adders
  3 dart slugs
  3 leopard geckos
  6 bats
  3 giant cockroaches
  8 hobgoblins
  A quokka (D:2)
  6 frilled lizards
  7 goblins
  9 kobolds
  2 rats
51 creatures vanquished.

Notes
Turn   | Place    | Note
-------+----------+-------------------------------------------
     0 | D:1      | retrovino the Hill Orc Fighter began the quest for the Orb.
     0 | D:1      | Reached XP level 1. HP: 19/19 MP: 1/1
    80 | D:1      | Reached XP level 2. HP: 13/27 MP: 2/2
   556 | D:1      | Reached XP level 3. HP: 7/33 MP: 3/3
  1286 | D:2      | Found a snail-covered altar of Cheibriados.
  1491 | D:2      | Reached XP level 4. HP: 33/40 MP: 4/4
  1782 | D:2      | Found an iron altar of Okawaru.
  2213 | D:3      | Found a runed door.
  2217 | D:3      | Noticed Crazy Yiuf
  2269 | D:3      | HP: 2/40 [poisoned by Crazy Yiuf]
  2270 | D:3      | Succumbed to Crazy Yiuf's poison

Skill      XL: |  1  2  3  4 |
---------------+-------------+-----
Fighting       | 4 |  4.1
Shields        | 4 |  4.2
Short Blades   | 3 |  3.0
Armour         | |  3.8
Dodging        | |  0.1

Action                   |  1- 3 |  4- 6 || total
-------------------------+-------+-------++-------
Melee: Rapier            |   124 |    68 ||   192
  Eat: Ration            |     2 |       ||     2
Armor: Scale mail        |    52 |    21 ||    73
Dodge: Dodged            |    21 |    17 ||    38
Block: Shield            |    57 |    43 ||   100
